 Dungeon Crawl Stone Soup version 0.28.0-47-ge53b351184 (webtiles) character file.

Game seed: 15208134621433120538

18 GigaChad the Insei (level 2, -1/22 HPs)
             Began as a Djinni Transmuter on Apr 26, 2022.
             Was an Initiate of Gozag.
             Slain by an adder (2 damage)
             ... on level 2 of the Dungeon.
             The game lasted 00:02:56 (1573 turns).

GigaChad the Insei (Djinni Transmuter)              Turns: 1573, Time: 00:02:57

Health: -1/22      AC:  2    Str:  9    XL:     2   Next: 85%
Gold:   28         EV: 12    Int: 14    God:    Gozag SH:  0 Dex: 13

rFire   + + .      SeeInvis +   f - +0 dagger
rCold   x . .      Faith    .   (no shield)
rNeg    . . .      Spirit   +   a - +0 robe
rPois   ∞          Reflect  .   (no helmet)
rElec   .          Harm     .   (no cloak)
rCorr   .          Rampage  .   (no gloves)
Will    .....                   (boots unavailable)
Stlth   +.........              c - amulet of guardian spirit
HPRegen 0.07/turn               b - ring of see invisible
MPRegen 0.00/turn               (no ring)

@: flying
A: sickness immunity, fire resistance 2, cold vulnerability 1, float, innate
caster, HP casting, extra vitality 1
a: Renounce Religion, Potion Petition, Call Merchant, Bribe Branch


You were on level 2 of the Dungeon.
You worshipped Gozag.
Gozag was noncommittal.
You visited 1 branch of the dungeon, and saw 2 of its levels.

You collected 28 gold pieces.

Inventory:

Hand Weapons
 f - a +0 dagger (weapon)
Armour
 a - a +0 robe (worn)
Jewellery
 b - a ring of see invisible (left hand)
 c - an amulet of guardian spirit (around neck)
Scrolls
 e - a scroll of identify
 h - a scroll of torment {unknown}
Potions
 d - 2 potions of resistance
 g - a potion of degeneration {unknown}


   Skills:
 + Level 1.0 Fighting
 + Level 2.3 Dodging
 + Level 3.5 Unarmed Combat
 + Level 1.9 Spellcasting


You couldn't memorise any spells.
You knew the following spells:

 Your Spells              Type           Power      Damage    Failure   Level
a - Beastly Appendage     Tmut           12%        N/A       11%         1
b - Wereblood             Tmut           6%         N/A       16%         2
c - Spider Form           Tmut/Pois      6%         N/A       32%         3
d - Ice Form              Ice/Tmut       6%         N/A       71%         4
Your spell library was empty.

Dungeon Overview and Level Annotations

Branches:
Dungeon (2/15)

Altars:
Gozag

Shops:
D:1 (


Innate Abilities, Weirdness & Mutations

You are immune to sickness and miasma.
You are immune to poison.
Your flesh is very heat resistant. (rF++)
You are vulnerable to cold. (rC-)
You float through the air rather than walking.
You learn spells naturally, not from books.
Your magical power is your life essence.
You have superior vitality. (+4 MHP)


Message History

The adder barely misses you.
You barely miss the adder.
The adder is lightly wounded.
The adder barely misses you. The adder completely misses you.
You hit the adder.
The adder is lightly wounded.
The adder closely misses you.
You hit the adder but do no damage.
The adder is lightly wounded.
The adder barely misses you.
You hit the adder. Your headbutt misses the adder.
The adder is lightly wounded.
The adder barely misses you. The adder bites you.
You miss the adder.
The adder is lightly wounded.
The adder barely misses you.
You hit the adder.
The adder is moderately wounded.
The adder bites you but does no damage.
You hit the adder.
The adder is heavily wounded.
The adder bites you.
* * * LOW HITPOINT WARNING * * *
The adder misses you.
You completely miss the adder.
The adder is heavily wounded.
The adder closely misses you.
You miss the adder.
The adder is heavily wounded.
The adder barely misses you.
You hit the adder.
The adder is heavily wounded.
Your horns disappear.
The adder bites you.
* * * LOW HITPOINT WARNING * * *
You barely miss the adder.
The adder is heavily wounded.
The adder bites you but does no damage. The adder bites you.
You die...
Your body crumbles into a pile of gold.

.......<....#
#.....#......#.#
#.....#......#.###
#.....#...........
#.....#.....(...##
#?..............#.
#.................
#..............##.
#.....S@.......#
#.....#........#
#.....#........#
##### #........#
######+###


You could see an adder.

Vanquished Creatures
  2 dart slugs (D:1)
  3 ball pythons (D:1)
  3 endoplasms (D:1)
  A giant cockroach (D:1)
  A hobgoblin (D:1)
  A kobold (D:1)
  A goblin (D:1)
12 creatures vanquished.

Notes
Turn   | Place    | Note
-------+----------+-------------------------------------------
     0 | D:1      | GigaChad the Djinni Transmuter began the quest for the Orb.
     0 | D:1      | Reached XP level 1. HP: 17/17 MP: 0/0
    63 | D:1      | Found Rokhod's Antique Weapon Shop.
   382 | D:1      | Reached XP level 2. HP: 6/22 MP: 0/0
   626 | D:1      | HP: 1/22 [frozen (6)]
  1136 | D:1      | Found a faded altar of an unknown god.
  1170 | D:1      | Prayed at the altar of an unknown god.
  1170 | D:1      | Became a worshipper of Gozag Ym Sagoz the Greedy
  1572 | D:2      | HP: 1/22 [adder (5)]
  1573 | D:2      | Slain by an adder

Illustrated notes

Levels and vault maps discovered:
D:1:      dpeg_arrival_signposts, layout_rooms, serial_shops,
          nicolae_diamond_shop, nicolae_ecumenical_snake_handling
D:2:      layout_basic

Action                   || total
-------------------------++-------
Melee: Unarmed           ||    15
       Headbutt          ||     4
       Dagger            ||    67
       Punch             ||     2
 Cast: Beastly Appendage ||     7
  Use: Scroll            ||     1
Armor: Robe              ||    17
Dodge: Dodged            ||    60
